 Dungeon Crawl Stone Soup version 0.18-a0-5-gf1fb587 (webtiles) character file.

844 Goblin1989 the Cruncher (level 8, -4/39 HPs)
             Began as a Gargoyle Gladiator on Oct 31, 2015.
             Slain by Alipheese's ghost (6 damage)
             ... on level 4 of the Dungeon.
             The game lasted 00:24:18 (4598 turns).

Goblin1989 the Cruncher (Gargoyle Gladiator)        Turns: 4598, Time: 00:24:19

Health: -4/39      AC: 12    Str: 19    XL:     8   Next: 0%
Magic:  8/8        EV: 11    Int: 12    God:
Gold:   172        SH:  0    Dex: 12    Spells: 0 memorised, 7 levels left

rFire  . . .     SeeInvis .     t - +1 lajatang
rCold  . . .     Clarity  .     m - +0 ring mail
rNeg   + . .     SustAt   .     (no shield)
rPois  ∞         Gourm    .     c - +1 helmet
rElec  +         Spirit   .     (no cloak)
rCorr  .         Warding  .     (no gloves)
rMut   .         Stasis   .     (no boots)
MR     .....                    o - amulet of inaccuracy (curse)
Stlth  ..........               s - ring of loudness
                                i - +3 ring of intelligence

@: not resistant to hostile enchantments, extremely unstealthy
A: frail 1, mutation resistance 1, negative energy resistance 1, electricity
resistance, unbreathing, petrification resistance, rot immunity, AC +5
a: no special abilities


You were on level 4 of the Dungeon.
You were not hungry.

You visited 2 branches of the dungeon, and saw 6 of its levels.

You collected 172 gold pieces.

Inventory:

Hand Weapons
 t - a +1 lajatang (weapon)
Missiles
 d - 4 throwing nets (quivered)
Armour
 b - a +0 chain mail
 c - a +1 helmet (worn)
 m - a +0 ring mail (worn)
Jewellery
 i - a +3 ring of intelligence (left hand)
 o - a cursed amulet of inaccuracy (around neck)
 s - a ring of loudness (right hand)
Wands
 j - a wand of fire (0)
Scrolls
 k - a scroll of enchant weapon
 n - a scroll of identify
Potions
 l - 5 potions of curing
Comestibles
 a - 3 fruits
 e - 7 bread rations
 g - a meat ration


   Skills:
 + Level 2.1 Fighting
 * Level 9.2 Staves
 - Level 1.7 Throwing
 - Level 2.4 Dodging


You had 7 spell levels left.
You didn't know any spells.

Dungeon Overview and Level Annotations

Branches:
Dungeon (5/15)             Temple (1/1) D:5

Altars:
Cheibriados
Elyvilon
Fedhas
Gozag
Kikubaaqudgha
Makhleb
Nemelex Xobeh
Qazlal
Trog
Vehumet
Yredelemnul
Zin
The Shining One
Jiyva

Annotations:
D:2 Sigmund
D:4 Alipheese's ghost, amateur NaWn
D:5 Eustachio; Grinder


Innate Abilities, Weirdness & Mutations

You are resistant to torment.
Your stone body is resilient (AC +5).
You are immune to poison.
You resist negative energy.
You are resistant to electric shocks.
You can survive without breathing.
You are immune to petrification.
You are immune to rotting.
You are frail (-10% HP).
You are somewhat resistant to further mutation.


Message History

You are too injured to fight recklessly!
You are too injured to fight recklessly!
You are too injured to fight recklessly!
You are too injured to fight recklessly!
You are too injured to fight recklessly!
Unknown command.
You barely miss Alipheese's ghost.
Alipheese's ghost is heavily damaged.
Alipheese's ghost hits you but does no damage.
You barely miss Alipheese's ghost.
Alipheese's ghost is heavily damaged.
Alipheese's ghost hits you!
* * * LOW HITPOINT WARNING * * *
You slash Alipheese's ghost!
Alipheese's ghost is severely damaged.
Alipheese's ghost hits you but does no damage.
You slash Alipheese's ghost!
Alipheese's ghost is severely damaged.
Alipheese's ghost hits you.
You die...

##.# #...# #..# #.#
#.# ####.########..#
##.# #.#
#...........#..# #..#
#.# #.##.######.#..#
#.## #.# #.##.#
#.#..# #.# #.#
##.##.######.#>.# #.#
#.###...#...W.......#
###.#
#.##.###...####W.####
#...# #....#
#...####@.# #.###
#####.###..###...>#
#.# ## ##...#.#
#.#..# #.#
.######.##.# #.##.#
#.#
.....[.....###..###
#.#
.######.####.....#
#.# ## #....#.....#
#.##### #
######....## #.....#
##...#### #####.#


You could see Alipheese's ghost.

Vanquished Creatures
  The ghost of emiel the Chopper, an amateur FoGl of Okawaru (D:3)
  An ice beast (D:5)
  A centaur (D:5)
  An ogre (D:4)
  The ghost of radek the Conjurer, an amateur DECj (D:3)
  A hound (D:4)
  An iguana (D:5)
  An orc priest (D:4)
  A worker ant (D:4)
  An orc wizard (D:4)
  An adder (D:3)
  A worker ant zombie (D:5)
  3 gnolls (D:2)
  An ooze (D:3)
  An adder skeleton (D:4)
  3 worms
  3 giant geckos
  12 orcs
  2 giant cockroaches
  11 hobgoblins
  15 jackals
  3 quokkas
  4 ball pythons
  9 bats
  5 giant newts
  9 goblins
  4 kobolds
  21 rats
118 creatures vanquished.

Notes
Turn   | Place    | Note
--------------------------------------------------------------
     0 | D:1      | Goblin1989 the Gargoyle Gladiator began the quest for the Orb.
     0 | D:1      | Reached XP level 1. HP: 12/12 MP: 1/1
     1 | D:1      | Noticed a minotaur
     5 | D:1      | Noticed an elf skeleton
     6 | D:1      | Noticed a ghoul
     8 | D:1      | Noticed a spriggan skeleton
    10 | D:1      | Noticed a human skeleton
    10 | D:1      | Noticed a vampire
    13 | D:1      | Noticed a naga
    13 | D:1      | Noticed a draconian zombie
    15 | D:1      | Noticed a centaur
    17 | D:1      | Noticed a troll
    19 | D:1      | Noticed a spriggan skeleton
    21 | D:1      | Noticed a formicid zombie
   216 | D:1      | Reached XP level 2. HP: 17/17 MP: 2/2
   416 | D:1      | Reached skill level 4 in Staves
   602 | D:1      | Reached XP level 3. HP: 21/21 MP: 3/3
  1057 | D:2      | Reached XP level 4. HP: 26/26 MP: 4/4
  1070 | D:2      | Reached skill level 5 in Staves
  1263 | D:2      | Found an opulent altar of Gozag.
  1263 | D:2      | Found a glowing golden altar of the Shining One.
  1264 | D:2      | Found a blossoming altar of Fedhas.
  1297 | D:2      | Found a snail-covered altar of Cheibriados.
  1310 | D:2      | Noticed Sigmund
  1607 | D:3      | Found a bloodstained altar of Trog.
  1756 | D:3      | Reached XP level 5. HP: 30/30 MP: 5/5
  1841 | D:3      | Noticed radek's ghost (amateur DECj)
  1842 | D:3      | Found an ancient bone altar of Kikubaaqudgha.
  1857 | D:3      | Killed radek's ghost
  1857 | D:3      | Reached skill level 6 in Staves
  1971 | D:3      | Noticed emiel's ghost (amateur FoGl)
  2200 | D:4      | Noticed Alipheese's ghost (amateur NaWn)
  2324 | D:3      | Killed emiel's ghost
  2324 | D:3      | Reached skill level 7 in Staves
  2324 | D:3      | Reached XP level 6. HP: 19/35 MP: 6/6
  2973 | D:4      | Reached XP level 7. HP: 9/40 MP: 7/7
  3259 | D:4      | Noticed an ogre
  3263 | D:4      | Killed an ogre
  3263 | D:4      | Reached skill level 8 in Staves
  3698 | D:5      | Entered Level 5 of the Dungeon
  3698 | D:5      | Noticed Eustachio
  3830 | D:5      | Found a staircase to the Ecumenical Temple.
  3837 | Temple   | Entered the Ecumenical Temple
  4055 | D:5      | Reached skill level 9 in Staves
  4295 | D:3      | Gained mutation: You are frail (-10% HP). [potion of mutation]
  4295 | D:3      | Gained mutation: You are somewhat resistant to further mutation. [potion of mutation]
  4381 | D:5      | Reached XP level 8. HP: 6/39 MP: 8/8
  4566 | D:5      | Noticed Grinder
  4598 | D:4      | Slain by Alipheese's ghost

Vault maps used:
D:1:      shiori_arrival_whats_in_store_for_you, kennysheep_small_spiral,
          hex_medium, solitary_fountain, st_stairs_3
D:2:      lemuel_doored_altar, nicolae_overflow_quartered_altars,
          ashenzari_altar_1, uniq_sigmund
D:3:      lemuel_coloured_pillars_altar, kiku_gazebo_pond_becter, minivault_23
D:4:      minmay_rat_hole
D:5:      minmay_temple_entry_hall, first_bread, uniq_grinder, uniq_eustachio
Temple:   pf_slimified_temple

Action                   |  1- 3 |  4- 6 |  7- 9 || total
-------------------------+-------+-------+-------++-------
Melee: Quarterstaff      |   100 |       |       ||   100
       Lajatang          |     7 |   201 |   115 ||   323
Throw: Throwing net      |       |       |     1 ||     1
Evoke: Wand              |       |     4 |       ||     4
  Use: Scroll            |     8 |     3 |     4 ||    15
       Potion            |       |     6 |     2 ||     8
  Eat: Chunk             |       |     7 |     6 ||    13
